 Dungeon Crawl Stone Soup version 0.20-a0-738-gb057e68 (webtiles) character file.

56 KristoblXynda the Charmwright (level 3, -6/29 HPs)
             Began as a Draconian Skald on Feb 23, 2017.
             Was an Initiate of Ashenzari.
             Mangled by Duvessa
             ... wielding a cursed +0 short sword
              (9 damage)
             ... on level 4 of the Dungeon.
             The game lasted 00:05:10 (1874 turns).

KristoblXynda the Charmwright (Draconian Skald)     Turns: 1874, Time: 00:05:10

Health: -6/29      AC:  5    Str: 13    XL:     3   Next: 69%
Magic:  1/6        EV: 12    Int: 14    God:    Ashenzari [......]
Gold:   152        SH:  0    Dex: 10    Spells: 3/6 levels left

rFire    . . .     SeeInvis .   a - +0 hand axe
rCold    . . .     Gourm    .   (armour unavailable)
rNeg     . . .     Faith    .   (no shield)
rPois    .         Spirit   .   (helmet restricted)
rElec    .         Reflect  .   (no cloak)
rCorr    .         Harm     .   (no gloves)
MR       .....                  (no boots)
Stlth    +.........             (no amulet)
Regen    0.1/turn               (no ring)
MPRegen  0.1/turn               (no ring)

@: very slightly contaminated
A: unfitting armour, hooves 1, cold-blooded, MP-powered wands, AC +5
a: Curse Item, Renounce Religion


You were on level 4 of the Dungeon.
You worshipped Ashenzari.
Ashenzari was noncommittal.
You were not hungry.

You visited 1 branch of the dungeon, and saw 4 of its levels.

You collected 152 gold pieces.

Inventory:

Hand Weapons
 a - a +0 hand axe (weapon)
Scrolls
 e - 2 scrolls of magic mapping
 f - a scroll of enchant armour
 l - 3 scrolls of remove curse
Potions
 i - 2 potions of agility
Books
 b - a book of Battle

   Spells                             Type                      Level
   a - Infusion                       Charms                       1
   b - Shroud of Golubria             Charms/Translocation         2
   c - Song of Slaying                Charms                       2
   d - Spectral Weapon                Hexes/Charms                 3
   e - Regeneration                   Charms/Necromancy            3
Comestibles
 c - a royal jelly
 j - 2 meat rations


   Skills:
 - Level 2.1 Fighting
 * Level 3.2 Axes
 - Level 2.1 Dodging
 - Level 2.2 Spellcasting
 + Level 3.2 Charms
 + Level 0.6 Necromancy


You had 3 spell levels left.
You knew the following spells:

 Your Spells              Type           Power        Failure   Level  Hunger
b - Regeneration          Chrm/Necr      #.........   38%         3    ###....


Dungeon Overview and Level Annotations

Branches:
Dungeon (4/15)
 Temple: D:4-7

Altars:
Ashenzari

Annotations:
D:3 esteth's ghost, amateur MfTm
D:4 Dowan; Duvessa


Innate Abilities, Weirdness & Mutations

Your plain brown scales are hard. (AC +5)
You cannot fit into any form of body armour.
You are cold-blooded and may be slowed by cold attacks.
You have large cloven feet.
You expend magic power (3 MP) to strengthen your wands.


Message History

Duvessa hits you with a short sword.
* * * LOW HITPOINT WARNING * * *
It was a potion of mutation.
You feel extremely strange.
You feel your magical essence link to your wands.
Your feet thicken and deform.
Duvessa closely misses you.
You feel much better. Duvessa hits you with a short sword. x2
You hit Duvessa. Your kick misses Duvessa.
Duvessa is heavily wounded.
Duvessa hits you with a short sword!
Dowan casts a spell.
Dowan blinks!
Duvessa hits you with a short sword.
* * * LOW HITPOINT WARNING * * *
You hit Duvessa. You kick Duvessa, but do no damage. You tail-slap Duvessa.
Duvessa is severely wounded.
Duvessa misses you.
You hit Duvessa. Your kick misses Duvessa.
Duvessa is severely wounded.
Duvessa hits you with a short sword!
You die...

#.# #............# #.#
#............# #.#
#............# #.#
#............###### #e#
###...............# #.#
#.###.#.#######.# #.# #(#
#.#.# #.# #.# #.# #.#.# #.#
#.# #.###.#@# #.# #.#
#..<..#e# #.#
##.#############.# #.#
...............#e# #.###
##.>.....e.......# #...#
#############.###########.#
#.............#
#.############# ###


You could see Duvessa and Dowan.

Vanquished Creatures
  A worm (D:3)
  3 dart slugs
  2 orcs (D:3)
  5 bats (D:1)
  2 giant cockroaches (D:1)
  9 goblins
  2 hobgoblins
  5 jackals (D:2)
  A quokka (D:3)
  A frilled lizard (D:3)
  7 kobolds
  3 rats
41 creatures vanquished.

Notes
Turn   | Place    | Note
-------+----------+-------------------------------------------
     0 | D:1      | KristoblXynda the Draconian Skald began the quest for the Orb.
     0 | D:1      | Reached XP level 1. HP: 17/17 MP: 3/3
    94 | D:1      | Reached XP level 2. HP: 23/24 MP: 5/5
   801 | D:2      | Found a shattered altar of Ashenzari.
   807 | D:2      | Reached XP level 3. HP: 29/29 MP: 6/6
   821 | D:2      | Became a worshipper of Ashenzari the Shackled
   925 | D:2      | Learned a level 3 spell: Regeneration
  1330 | D:3      | Noticed esteth's ghost (amateur MfTm)
  1829 | D:4      | Noticed Duvessa
  1845 | D:4      | Noticed Dowan
  1870 | D:4      | Gained mutation: You expend magic power (3 MP) to strengthen your wands. [potion of mutation]
  1870 | D:4      | Gained mutation: You have large cloven feet. [potion of mutation]
  1874 | D:4      | Mangled by Duvessa

Vault maps used:
D:1:      minmay_arrival_open_corners, solitary_fountain
D:2:      overflow_temple_1_default
D:4:      first_bread, uniq_duvessa, uniq_edmund

Skill      XL: |  1  2  3 |
---------------+----------+-----
Charms         | 3 |  3.2
Axes           | 3 |  3.2
Fighting       | |  2.1
Dodging        | |  2.1
Spellcasting   | |  2.2
Necromancy     | |  0.6

Action                   || total
-------------------------++-------
Melee: Hand axe          ||   155
       Tailslap          ||    14
       Kick              ||     1
 Cast: Regeneration      ||     2
  Use: Scroll            ||     7
       Potion            ||     4
  Eat: Bread ration      ||     1
       Chunk             ||     1
Armor: Skin              ||    63
Dodge: Dodged            ||   140
